AoeStats
← Irving Legend

Arabia

510765498Analyzed
2v2 RM · 1d ago on Oct 2, 2026· 37m 7s· 4 players
Game mode
Random Map
Map size
Medium (4 player)
Population
200
Speed
Normal
Resources
Standard
Victory
Conquest
Starting age
Dark Age
Ending age
Imperial Age
RankedLock teamsTeams togetherTeam positionsShared explorationLock speedFull tech treeHidden civsTurbo modeCheats
Victory
Defeat
🇨🇦 Saxons · Canada
1139
+14
🇨🇴 Franks · Colombia
1099
+16
🇨🇦 Japanese · Canada
1173
-18
🇨🇦 Spanish · Canada
1021
-12
derekfriedsawatzky
11:22 Feudal Age
12:09 Loom
19:39 Double-Bit Axe
23:34 Castle Age
33:13 Horse Collar
34:11 Scale Barding Armor
34:17 Forging
Attack What
6:52 Loom
9:41 Feudal Age
9:45 Man-at-Arms
11:13 Double-Bit Axe
13:18 Horse Collar
14:23 Fletching
16:46 Scale Mail Armor
21:41 Castle Age
21:19 Padded Archer Armor
21:49 Gold Mining
21:57 Crossbowman
25:13 Bodkin Arrow
26:36 Wheelbarrow
27:05 Bow Saw
27:11 Heavy Plow
29:16 Thumb Ring
29:50 Leather Archer Armor
33:53 Hand Cart
34:03 Chain Mail Armor
34:30 Squires
35:52 Forging
35:30 Arson
Thousk_
5:56 Loom
9:06 Feudal Age
10:01 Double-Bit Axe
18:15 Scale Barding Armor
20:46 Castle Age
19:38 Forging
20:31 Gold Mining
21:59 Chain Barding Armor
27:35 Iron Casting
26:52 Fletching
27:05 Husbandry
27:08 Elite Skirmisher
30:44 Iron Casting
30:13 Padded Archer Armor
38:52 Imperial Age
Irving Legend
6:29 Loom
9:18 Feudal Age
12:21 Double-Bit Axe
14:44 Fletching
19:04 Padded Archer Armor
23:15 Castle Age
21:19 Gold Mining
23:23 Elite Skirmisher
23:59 Bodkin Arrow
24:16 Bow Saw
23:45 Crossbowman
27:57 Ballistics
28:27 Leather Archer Armor
34:28 Thumb Ring
37:12 Imperial Age
34:28 Town Watch
35:00 Treadmill Crane
35:47 Masonry
Connection lost

Rejoining the realm…

Still unreachable

The connection could not be restored.

Session expired

The server has moved on; the page needs a fresh start.